Senateurs vs Avalanche
(R2)
Created - 6 février 2017 at 19:10
Goals
|
| Senateurs |
1 |
1 |
0 |
2 |
| Avalanche |
2 |
1 |
1 |
4 |
|
Shots
|
| Senateurs |
11 |
7 |
12 |
30 |
| Avalanche |
10 |
14 |
7 |
31 |
|
1st period
1. Avalanche , Mike Comrie 6 (Jay Bouwmeester) at 8:14
2. Senateurs , George Parros 2 (Andy McDonald, Andrew Ebbett) at 11:44
3. Avalanche , Bryan Little 17 (Marc Staal, Mikkel Boedker) at 17:26
Penalties :
Bryan Little (Col) for Holding (Minor) at 0:11, Johnny Boychuk (Col) for High sticking (Minor) at 9:36, Mikkel Boedker (Col) for Tripping (Minor) at 13:53, Pernell Karl Subban (Col) for Tripping (Minor) at 18:52
2nd period
4. Senateurs , Carlo Colaiacovo 1 (B.J. Crombeen, Brenden Morrow) at 0:57
5. Avalanche , Mikkel Boedker 16 (Bryan Little) at 1:57
Penalties :
Kurtis Foster (Ott) for Goalie Interference (Minor) at 5:51, Bryan Little (Col) for High sticking (Minor) at 6:57, Vladimir Mihalik (Ott) for Roughing (Minor) at 10:10, Carlo Colaiacovo (Ott) for Cross-checking (Minor) at 14:54, Thomas Vanek (Ott) for High sticking (Minor) at 18:13
3rd period
6. Avalanche , Bryan Little 18 (Jay Bouwmeester, Corey Perry) at 1:48
Penalties :
David Krejci (Col) for Elbowing (Minor) at 2:13, Vladimir Mihalik (Ott) for Hooking (Minor) at 16:16, Vladimir Mihalik (Ott) for Interference (Minor) at 18:26
Goalie Stats
Ondrej Pavelec (Ott), 27 saves from 31 shots - (0,871), L, 15-14-2, 60:00 minutes
Dan Ellis (Col), 28 saves from 30 shots - (0,933), W, 10-9-3, 60:00 minutes
Players Stats for Senateurs
Player Name G A P +/- PIM S H SB GA TA FO MP PP MP PK MP
------------------------------------------------------------------------------------
Andrew Ebbett 0 1 1 -2 0 3 1 3 0 0 2/4 13:03 0:00 2:30
Andy McDonald 0 1 1 0 0 0 3 1 0 0 0/1 8:46 0:11 1:50
B.J. Crombeen 0 1 1 0 0 1 1 1 0 1 0/0 13:13 5:18 0:00
Brad Richards 0 0 0 0 0 2 0 0 0 0 8/10 16:47 5:18 2:27
Brandon Dubinsky 0 0 0 0 0 0 1 0 0 0 0/1 6:45 0:00 0:00
Brenden Morrow 0 1 1 0 0 0 3 0 0 1 0/1 16:54 5:18 2:34
Carlo Colaiacovo 1 0 1 0 2 2 1 0 0 0 0/0 20:41 3:58 3:02
Dan Girardi 0 0 0 0 0 1 0 2 0 0 0/0 9:26 0:01 0:15
Dan Hamhuis 0 0 0 -2 0 1 2 3 0 0 0/0 29:24 7:03 6:32
Darcy Hordichuk 0 0 0 -1 0 4 0 1 0 0 0/0 9:29 0:24 0:00
George Parros 1 0 1 0 0 4 0 0 0 0 0/1 6:45 0:00 0:00
Gilbert Brule 0 0 0 -1 0 6 1 1 2 0 16/35 25:30 5:26 6:28
Johan Franzen 0 0 0 0 0 0 2 0 1 0 0/0 17:09 5:42 0:00
Kurtis Foster 0 0 0 -2 2 1 2 3 0 1 0/0 28:27 7:03 5:43
Milan Hejduk 0 0 0 -1 0 2 2 1 0 0 0/0 8:57 0:00 0:00
Thomas Vanek 0 0 0 -1 2 1 3 1 1 1 0/2 24:21 5:25 5:21
Vitaly Vishnevsky 0 0 0 0 0 1 2 0 0 0 0/0 21:25 3:58 3:49
Vladimir Mihalik 0 0 0 0 6 1 1 0 0 0 0/0 11:24 0:00 1:49
Players Stats for Avalanche
Player Name G A P +/- PIM S H SB GA TA FO MP PP MP PK MP
------------------------------------------------------------------------------------
Alexander Radulov 0 0 0 0 0 2 0 0 0 0 0/0 16:12 4:08 0:31
Andrei Kostitsyn 0 0 0 1 0 3 5 0 1 1 1/1 20:31 6:22 0:37
Andrew Ladd 0 0 0 0 0 2 1 0 0 0 0/0 11:12 0:05 3:52
Brandon Yip 0 0 0 0 0 0 1 0 0 0 0/1 11:12 0:05 3:52
Bryan Little 2 1 3 3 4 3 3 0 0 0 10/22 17:56 6:21 0:00
Chuck Kobasew 0 0 0 -1 0 2 1 0 0 0 0/0 13:46 0:00 6:27
Corey Perry 0 1 1 3 0 4 6 1 1 0 0/0 18:33 6:22 0:00
David Krejci 0 0 0 0 2 1 0 0 0 0 2/5 7:41 0:05 0:18
Jack Johnson 0 0 0 1 0 1 0 1 1 1 0/0 20:03 0:00 7:00
Jay Bouwmeester 0 2 2 3 0 1 0 0 0 1 0/0 20:27 6:02 0:25
Johnny Boychuk 0 0 0 0 2 2 2 0 0 0 0/0 18:43 6:02 0:00
Marc Staal 0 1 1 1 0 3 2 0 1 1 0/0 24:11 4:33 6:44
Mike Comrie 1 0 1 0 0 1 5 0 0 0 6/10 13:33 0:00 6:23
Mikkel Boedker 1 1 2 2 2 1 1 0 0 0 0/0 14:24 4:08 0:00
Paul Stastny 0 0 0 0 0 3 0 0 0 0 10/15 15:44 4:08 0:02
Pernell Karl Subban 0 0 0 -1 2 1 0 2 0 0 0/0 20:52 4:33 3:36
Ryan Smyth 0 0 0 0 0 0 0 0 0 0 0/1 7:03 0:00 0:00
Shane O'Brien 0 0 0 -2 0 1 3 1 0 0 0/0 15:57 0:00 4:17
3 Stars
1 - Bryan Little (Col)
2 - Corey Perry (Col)
3 - Jay Bouwmeester (Col)
Power Play
Senateurs - 0 on 6 Attempt(s) - 0,00%
Avalanche - 0 on 6 Attempt(s) - 0,00%
Penalty Kill
Senateurs - 6 on 6 Attempt(s) - 100,00%
- Score 0 goal in Penalty Kill
Avalanche - 6 on 6 Attempt(s) - 100,00%
- Score 0 goal in Penalty Kill
Team Stat
Senateurs - Hits : 25 - Faceoff Wins : 26 - Blocked Shots : 17 - Penalty Minutes : 12
Avalanche - Hits : 30 - Faceoff Wins : 29 - Blocked Shots : 5 - Penalty Minutes : 12
Official
Referees : Kimmerly Greg and O'Halloran Dan
Linesman : Ryan Galloway and Lyle Seitz
Game Notes
No Game Note
Finance
Level 1 -- Attendance: 5071 (84,52%) -- Ticket Income 425 964 $
Level 2 -- Attendance: 4698 (93,96%) -- Ticket Income 234 900 $
Level 3 -- Attendance: 1922 (96,10%) -- Ticket Income 53 816 $
Level 4 -- Attendance: 3921 (98,03%) -- Ticket Income 70 578 $
Luxury Box -- Attendance: 809 (80,90%) -- Ticket Income 135 103 $
Game was played at the Pepsi Center.
Total Attendance: 16421 (91,23%)
Total Ticket Income: 920 361 $
Other Income: 138 054 $
Total Income: 1 058 415 $
Senateurs
5 vs 5 Forward
Center Left Wing Right Wing Time % Phy DF OF
1 Gilbert Brule Thomas Vanek Johan Franzen 40 1 2 2
2 Brad Richards Brenden Morrow B.J. Crombeen 30 1 2 2
3 Andrew Ebbett Darcy Hordichuk Milan Hejduk 20 1 2 2
4 Brandon Dubinsky Andy McDonald George Parros 10 1 2 2
5 vs 5 Defense
Defense Defense Time % Phy DF OF
1 Kurtis Foster Dan Hamhuis 40 1 2 2
2 Vitaly Vishnevsky Carlo Colaiacovo 30 1 2 2
3 Dan Girardi Vladimir Mihalik 20 1 2 2
4 Kurtis Foster Dan Hamhuis 10 1 2 2
PowerPlay Forward
Center Left Wing Right Wing Time % Phy DF OF
1 Gilbert Brule Thomas Vanek Johan Franzen 60 0 2 3
2 Brad Richards Brenden Morrow B.J. Crombeen 40 0 2 3
PowerPlay Defense
Defense Defense Time % Phy DF OF
1 Kurtis Foster Dan Hamhuis 60 0 2 3
2 Vitaly Vishnevsky Carlo Colaiacovo 40 0 2 3
Penalty Kill 4 Players Forward
Center Wing Time % Phy DF OF
1 Gilbert Brule Thomas Vanek 60 1 2 2
2 Brad Richards Brenden Morrow 40 1 2 2
Penalty Kill 4 Players Defense
Defense Defense Time % Phy DF OF
1 Kurtis Foster Dan Hamhuis 60 1 2 2
2 Vitaly Vishnevsky Carlo Colaiacovo 40 1 2 2
Penalty Kill - 3 Players Forward
Forward Time % Phy DF OF
1 Gilbert Brule 60 1 2 2
2 Thomas Vanek 40 1 2 2
Penalty Kill - 3 Players Defense
Defense Defense Time % Phy DF OF
1 Kurtis Foster Dan Hamhuis 60 1 2 2
2 Vitaly Vishnevsky Carlo Colaiacovo 40 1 2 2
4 vs 4 Forward
Center Wing Time % Phy DF OF
1 Gilbert Brule Thomas Vanek 60 1 2 2
2 Brad Richards Brenden Morrow 40 1 2 2
4 vs 4 Defense
Defense Defense Time % Phy DF OF
1 Kurtis Foster Dan Hamhuis 60 1 2 2
2 Vitaly Vishnevsky Carlo Colaiacovo 40 1 2 2
Last Minutes Offensive
Center Left Wing Right Wing Defense Defense
Gilbert Brule Thomas Vanek Johan Franzen Kurtis Foster Dan Hamhuis
Last Minutes Defensive
Center Left Wing Right Wing Defense Defense
Gilbert Brule Thomas Vanek Johan Franzen Kurtis Foster Dan Hamhuis
Goaltenders
Starting : Ondrej Pavelec
Backup : Jonas Gustavsson
Extra Forwards
Normal : Darcy Hordichuk, Andy McDonald, Andrew Ebbett - PP : Darcy Hordichuk, Andy McDonald - PK : Andrew Ebbett
Extra Defensemen
Normal : Dan Girardi, Vladimir Mihalik, Vitaly Vishnevsky - PP : Dan Girardi - PK : Vladimir Mihalik, Vitaly Vishnevsky
Penalty Shots
Gilbert Brule, Thomas Vanek, Brad Richards, Brenden Morrow, Johan Franzen
Avalanche
5 vs 5 Forward
Center Left Wing Right Wing Time % Phy DF OF
1 Bryan Little Mikkel Boedker Corey Perry 35 1 2 2
2 Paul Stastny Andrei Kostitsyn Alexander Radulov 35 1 2 2
3 Mike Comrie Andrew Ladd Brandon Yip 15 1 2 2
4 David Krejci Ryan Smyth Chuck Kobasew 15 1 2 2
5 vs 5 Defense
Defense Defense Time % Phy DF OF
1 Jay Bouwmeester Jack Johnson 35 1 2 2
2 Pernell Karl Subban Marc Staal 33 1 2 2
3 Shane O'Brien Johnny Boychuk 32 1 2 2
4 Marc Staal Jack Johnson 0 1 2 2
PowerPlay Forward
Center Left Wing Right Wing Time % Phy DF OF
1 Bryan Little Andrei Kostitsyn Corey Perry 60 1 2 2
2 Paul Stastny Mikkel Boedker Alexander Radulov 40 1 2 2
PowerPlay Defense
Defense Defense Time % Phy DF OF
1 Jay Bouwmeester Johnny Boychuk 60 1 2 2
2 Marc Staal Pernell Karl Subban 40 1 2 2
Penalty Kill 4 Players Forward
Center Wing Time % Phy DF OF
1 Mike Comrie Chuck Kobasew 60 1 2 2
2 Brandon Yip Andrew Ladd 40 1 2 2
Penalty Kill 4 Players Defense
Defense Defense Time % Phy DF OF
1 Marc Staal Jack Johnson 60 1 2 2
2 Pernell Karl Subban Shane O'Brien 40 1 2 2
Penalty Kill - 3 Players Forward
Forward Time % Phy DF OF
1 Mike Comrie 60 1 2 2
2 Chuck Kobasew 40 1 2 2
Penalty Kill - 3 Players Defense
Defense Defense Time % Phy DF OF
1 Pernell Karl Subban Marc Staal 60 1 2 2
2 Shane O'Brien Jack Johnson 40 1 2 2
4 vs 4 Forward
Center Wing Time % Phy DF OF
1 Corey Perry Andrei Kostitsyn 60 1 2 2
2 Mikkel Boedker Bryan Little 40 1 2 2
4 vs 4 Defense
Defense Defense Time % Phy DF OF
1 Marc Staal Jack Johnson 60 1 2 2
2 Shane O'Brien Jay Bouwmeester 40 1 2 2
Last Minutes Offensive
Center Left Wing Right Wing Defense Defense
Bryan Little Andrei Kostitsyn Corey Perry Marc Staal Jack Johnson
Last Minutes Defensive
Center Left Wing Right Wing Defense Defense
Mike Comrie Mikkel Boedker Chuck Kobasew Marc Staal Jack Johnson
Goaltenders
Starting : Dan Ellis
Backup : Semyon Varlamov
Extra Forwards
Normal : Corey Perry, Paul Stastny, Alexander Radulov - PP : Corey Perry, Paul Stastny - PK : Alexander Radulov
Extra Defensemen
Normal : Pernell Karl Subban, Marc Staal, Shane O'Brien - PP : Pernell Karl Subban - PK : Jack Johnson, Shane O'Brien
Penalty Shots
Corey Perry, Andrei Kostitsyn, Mikkel Boedker, Bryan Little, Mike Comrie
% Time on Ice - Senateurs
Lines # - Real PCT - Wanted PCT - Time Play
Normal Forward
1 - 35% - 40% - 13:09
2 - 23% - 30% - 8:40
3 - 24% - 20% - 8:57
4 - 18% - 10% - 6:45
Normal Defense
1 - 41% - 40% - 15:20
2 - 34% - 30% - 12:56
3 - 24% - 20% - 8:53
4 - 1% - 10% - 0:22
PP Forward
1 - 52% - 60% - 5:43
2 - 48% - 40% - 5:18
PP Defense
1 - 64% - 60% - 7:03
2 - 36% - 40% - 3:58
PK Forward
1 - 77% - 60% - 8:11
2 - 23% - 40% - 2:24
PK Defense
1 - 64% - 60% - 6:46
2 - 36% - 40% - 3:49
PK3 Forward
1 - 0% - 60%
2 - 0% - 40%
PK3 Defense
1 - 0% - 60%
2 - 0% - 40%
44 Forward
1 - 58% - 60% - 0:31
2 - 42% - 40% - 0:22
44 Defense
1 - 21% - 60% - 0:11
2 - 79% - 40% - 0:42
Last Minute Offensive - 0:00
Last Minute Defensive - 0:00
Total
Forward - 60:00
Defense - 60:00
|
% Time on Ice - Avalanche
Lines # - Real PCT - Wanted PCT - Time Play
Normal Forward
1 - 32% - 35% - 12:05
2 - 30% - 35% - 11:25
3 - 19% - 15% - 6:58
4 - 19% - 15% - 7:03
Normal Defense
1 - 36% - 35% - 13:41
2 - 33% - 33% - 12:26
3 - 30% - 32% - 11:08
4 - 1% - 0% - 0:16
PP Forward
1 - 61% - 60% - 6:27
2 - 39% - 40% - 4:08
PP Defense
1 - 57% - 60% - 6:02
2 - 43% - 40% - 4:33
PK Forward
1 - 65% - 60% - 7:09
2 - 35% - 40% - 3:52
PK Defense
1 - 61% - 60% - 6:44
2 - 39% - 40% - 4:17
PK3 Forward
1 - 0% - 60%
2 - 0% - 40%
PK3 Defense
1 - 0% - 60%
2 - 0% - 40%
44 Forward
1 - 81% - 60% - 0:43
2 - 19% - 40% - 0:10
44 Defense
1 - 47% - 60% - 0:25
2 - 53% - 40% - 0:28
Last Minute Offensive - 0:00
Last Minute Defensive - 0:00
Total
Forward - 60:00
Defense - 60:00
|
Play by Play
1st period
0:01 of 1st period - Bryan Little wins face-off versus Gilbert Brule in neutral zone.
0:11 of 1st period - Minor Penalty to Bryan Little for Holding.
0:12 of 1st period - Mike Comrie wins face-off versus Gilbert Brule in Avalanche zone.
1:12 of 1st period - Snap shot by Gilbert Brule.
1:12 of 1st period - Shot Blocked by Pernell Karl Subban.
1:14 of 1st period - Wrist shot by Johan Franzen.
1:14 of 1st period - Shot Misses the Net.
2:03 of 1st period - Jack Johnson is hit by B.J. Crombeen and loses puck.
2:11 of 1st period - Penalty to Bryan Little is over, Bryan Little is back on ice.
2:14 of 1st period - Slapshot by Marc Staal.
2:14 of 1st period - Stopped by Ondrej Pavelec without a rebound.
2:15 of 1st period - Andrew Ebbett wins face-off versus Bryan Little in Senateurs zone.
2:28 of 1st period - Wrist shot by Darcy Hordichuk.
2:28 of 1st period - Stopped by Dan Ellis without a rebound.
2:29 of 1st period - Paul Stastny wins face-off versus Andy McDonald in Avalanche zone.
2:36 of 1st period - Slapshot by Paul Stastny.
2:36 of 1st period - Stopped by Ondrej Pavelec without a rebound.
2:37 of 1st period - Paul Stastny wins face-off versus Brandon Dubinsky in Senateurs zone.
2:50 of 1st period - Snap shot by Paul Stastny.
2:50 of 1st period - Shot Misses the Net.
3:27 of 1st period - Snap shot by George Parros.
3:27 of 1st period - Stopped by Dan Ellis with a rebound.
3:29 of 1st period - Snap shot by George Parros.
3:29 of 1st period - Stopped by Dan Ellis with a rebound.
3:31 of 1st period - Wrist shot by Vitaly Vishnevsky.
3:31 of 1st period - Stopped by Dan Ellis without a rebound.
3:32 of 1st period - Gilbert Brule wins face-off versus Bryan Little in Avalanche zone.
3:58 of 1st period - Jack Johnson is hit by Kurtis Foster and loses puck.
4:05 of 1st period - Johnny Boychuk is hit by Brenden Morrow and loses puck.
4:40 of 1st period - Mikkel Boedker is hit by Gilbert Brule and loses puck.
4:59 of 1st period - Brad Richards is hit by Andrei Kostitsyn and loses puck.
5:24 of 1st period - Jack Johnson is hit by Vitaly Vishnevsky and loses puck.
5:41 of 1st period - Wrist shot by David Krejci.
5:41 of 1st period - Stopped by Ondrej Pavelec without a rebound.
5:42 of 1st period - Brad Richards wins face-off versus David Krejci in Senateurs zone.
5:53 of 1st period - Wrist shot by B.J. Crombeen.
5:53 of 1st period - Shot Misses the Net.
6:03 of 1st period - Slapshot by Johnny Boychuk.
6:03 of 1st period - Shot Blocked by Kurtis Foster.
6:05 of 1st period - Wrist shot by Marc Staal.
6:05 of 1st period - Stopped by Ondrej Pavelec with a rebound.
6:07 of 1st period - Slapshot by Marc Staal.
6:07 of 1st period - Shot Blocked by Gilbert Brule.
6:09 of 1st period - Slapshot by Pernell Karl Subban.
6:09 of 1st period - Stopped by Ondrej Pavelec without a rebound.
6:10 of 1st period - Gilbert Brule wins face-off versus Bryan Little in Senateurs zone.
7:05 of 1st period - Wrist shot by Gilbert Brule.
7:05 of 1st period - Shot Misses the Net.
7:39 of 1st period - Snap shot by Gilbert Brule.
7:39 of 1st period - Stopped by Dan Ellis without a rebound.
7:40 of 1st period - Brad Richards wins face-off versus Paul Stastny in Avalanche zone.
7:55 of 1st period - Slapshot by Brenden Morrow.
7:55 of 1st period - Shot Blocked by Shane O'Brien.
8:05 of 1st period - Kurtis Foster is hit by Mike Comrie and loses puck.
8:14 of 1st period - Snap shot by Mike Comrie.
8:14 of 1st period - Goal by Mike Comrie - Senateurs : 0 - Avalanche : 1.
8:15 of 1st period - Paul Stastny wins face-off versus Brad Richards in neutral zone.
8:53 of 1st period - Wrist shot by George Parros.
8:53 of 1st period - Stopped by Dan Ellis with a rebound.
9:36 of 1st period - Minor Penalty to Johnny Boychuk for High sticking.
9:37 of 1st period - Mike Comrie wins face-off versus Gilbert Brule in Avalanche zone.
11:36 of 1st period - Penalty to Johnny Boychuk is over, Johnny Boychuk is back on ice.
11:44 of 1st period - Wrist shot by George Parros.
11:44 of 1st period - Goal by George Parros - Senateurs : 1 - Avalanche : 1.
11:45 of 1st period - Gilbert Brule wins face-off versus Bryan Little in neutral zone.
12:18 of 1st period - Snap shot by Brenden Morrow.
12:18 of 1st period - Deflect By B.J. Crombeen.
12:18 of 1st period - Shot Misses the Net.
12:18 of 1st period - Puck is out of play.
12:19 of 1st period - Paul Stastny wins face-off versus Gilbert Brule in Avalanche zone.
12:19 of 1st period - Paul Stastny is hit by Thomas Vanek.
12:52 of 1st period - Snap shot by Chuck Kobasew.
12:52 of 1st period - Stopped by Ondrej Pavelec with a rebound.
13:02 of 1st period - Vladimir Mihalik is hit by Shane O'Brien.
13:23 of 1st period - Snap shot by Jack Johnson.
13:23 of 1st period - Stopped by Ondrej Pavelec with a rebound.
13:53 of 1st period - Minor Penalty to Mikkel Boedker for Tripping.
13:54 of 1st period - Mike Comrie wins face-off versus Gilbert Brule in Avalanche zone.
14:31 of 1st period - Snap shot by Brad Richards.
14:31 of 1st period - Stopped by Dan Ellis without a rebound.
14:32 of 1st period - Mike Comrie wins face-off versus Gilbert Brule in Avalanche zone.
15:21 of 1st period - Slapshot by Marc Staal.
15:21 of 1st period - Deflect By Johan Franzen.
15:21 of 1st period - Stopped by Ondrej Pavelec with a rebound.
15:31 of 1st period - Mike Comrie is hit by Brenden Morrow and loses puck.
15:53 of 1st period - Penalty to Mikkel Boedker is over, Mikkel Boedker is back on ice.
16:10 of 1st period - Darcy Hordichuk is hit by Corey Perry and loses puck.
16:40 of 1st period - Marc Staal is hit by Milan Hejduk and loses puck.
16:55 of 1st period - Brandon Yip is hit by Kurtis Foster and loses puck.
17:22 of 1st period - Wrist shot by Mikkel Boedker.
17:22 of 1st period - Shot Blocked by Dan Girardi.
17:24 of 1st period - Slapshot by Marc Staal.
17:24 of 1st period - Shot Misses the Net.
17:26 of 1st period - Snap shot by Bryan Little.
17:26 of 1st period - Goal by Bryan Little - Senateurs : 1 - Avalanche : 2.
17:27 of 1st period - Gilbert Brule wins face-off versus Paul Stastny in neutral zone.
17:40 of 1st period - Johnny Boychuk is hit by Thomas Vanek and loses puck.
18:18 of 1st period - Chuck Kobasew is hit by Brandon Dubinsky and loses puck.
18:36 of 1st period - Vitaly Vishnevsky is hit by Brandon Yip and loses puck.
18:39 of 1st period - Wrist shot by Andrew Ebbett.
18:39 of 1st period - Stopped by Dan Ellis with a rebound.
18:41 of 1st period - Snap shot by Andrew Ebbett.
18:41 of 1st period - Deflect By Milan Hejduk.
18:41 of 1st period - Stopped by Dan Ellis without a rebound.
18:42 of 1st period - Gilbert Brule wins face-off versus Paul Stastny in Avalanche zone.
18:52 of 1st period - Minor Penalty to Pernell Karl Subban for Tripping.
18:53 of 1st period - Gilbert Brule wins face-off versus Mike Comrie in Avalanche zone.
18:55 of 1st period - Wrist shot by Gilbert Brule.
18:55 of 1st period - Stopped by Dan Ellis without a rebound.
18:56 of 1st period - Mike Comrie wins face-off versus Gilbert Brule in Avalanche zone.
19:11 of 1st period - Snap shot by Thomas Vanek.
19:11 of 1st period - Shot Misses the Net.
19:25 of 1st period - Jack Johnson is hit by Dan Hamhuis and loses puck.
Goals for this period are 1 for Senateurs vs 2 for Avalanche.
Shots for this period are 11 for Senateurs vs 10 for Avalanche.
2nd period
0:01 of 2nd period - Gilbert Brule wins face-off versus Mike Comrie in neutral zone.
0:04 of 2nd period - Wrist shot by Gilbert Brule.
0:04 of 2nd period - Stopped by Dan Ellis with a rebound.
0:12 of 2nd period - Snap shot by Chuck Kobasew.
0:12 of 2nd period - Shot Misses the Net.
0:14 of 2nd period - Slapshot by Marc Staal.
0:14 of 2nd period - Shot Misses the Net.
0:42 of 2nd period - B.J. Crombeen is hit by Andrew Ladd and loses puck.
0:52 of 2nd period - Penalty to Pernell Karl Subban is over, Pernell Karl Subban is back on ice.
0:53 of 2nd period - Wrist shot by Brenden Morrow.
0:53 of 2nd period - Shot Misses the Net.
0:55 of 2nd period - Snap shot by B.J. Crombeen.
0:55 of 2nd period - Stopped by Dan Ellis with a rebound.
0:57 of 2nd period - Snap shot by Carlo Colaiacovo.
0:57 of 2nd period - Goal by Carlo Colaiacovo - Senateurs : 2 - Avalanche : 2.
0:58 of 2nd period - Paul Stastny wins face-off versus Gilbert Brule in neutral zone.
1:03 of 2nd period - Slapshot by Shane O'Brien.
1:03 of 2nd period - Stopped by Ondrej Pavelec without a rebound.
1:04 of 2nd period - Paul Stastny wins face-off versus Gilbert Brule in Senateurs zone.
1:24 of 2nd period - Kurtis Foster is hit by Johnny Boychuk.
1:46 of 2nd period - Kurtis Foster is hit by Andrei Kostitsyn and loses puck.
1:51 of 2nd period - Wrist shot by Paul Stastny.
1:51 of 2nd period - Shot Blocked by Thomas Vanek.
1:53 of 2nd period - Slapshot by Johnny Boychuk.
1:53 of 2nd period - Deflect By Paul Stastny.
1:53 of 2nd period - Shot Misses the Net.
1:53 of 2nd period - Puck is out of play.
1:54 of 2nd period - Bryan Little wins face-off versus Brenden Morrow in Senateurs zone.
1:57 of 2nd period - Snap shot by Mikkel Boedker.
1:57 of 2nd period - Goal by Mikkel Boedker - Senateurs : 2 - Avalanche : 3.
1:58 of 2nd period - Bryan Little wins face-off versus Brad Richards in neutral zone.
2:05 of 2nd period - Wrist shot by Bryan Little.
2:05 of 2nd period - Shot Blocked by B.J. Crombeen.
2:13 of 2nd period - Slapshot by Kurtis Foster.
2:13 of 2nd period - Shot Blocked by Jack Johnson.
2:34 of 2nd period - Slapshot by Andrei Kostitsyn.
2:34 of 2nd period - Shot Misses the Net.
2:36 of 2nd period - Wrist shot by Andrei Kostitsyn.
2:36 of 2nd period - Stopped by Ondrej Pavelec with a rebound.
3:14 of 2nd period - Slapshot by Bryan Little.
3:14 of 2nd period - Stopped by Ondrej Pavelec without a rebound.
3:15 of 2nd period - Brad Richards wins face-off versus Bryan Little in Senateurs zone.
3:28 of 2nd period - Slapshot by Mikkel Boedker.
3:28 of 2nd period - Shot Misses the Net.
3:30 of 2nd period - Wrist shot by Mikkel Boedker.
3:30 of 2nd period - Shot Misses the Net.
3:32 of 2nd period - Slapshot by Johnny Boychuk.
3:32 of 2nd period - Stopped by Ondrej Pavelec with a rebound.
3:48 of 2nd period - Wrist shot by Mikkel Boedker.
3:48 of 2nd period - Shot Blocked by Dan Hamhuis.
3:50 of 2nd period - Slapshot by Mikkel Boedker.
3:50 of 2nd period - Shot Misses the Net.
3:52 of 2nd period - Snap shot by Jay Bouwmeester.
3:52 of 2nd period - Stopped by Ondrej Pavelec without a rebound.
3:53 of 2nd period - Paul Stastny wins face-off versus Andrew Ebbett in Senateurs zone.
3:54 of 2nd period - Snap shot by Alexander Radulov.
3:54 of 2nd period - Stopped by Ondrej Pavelec with a rebound.
3:56 of 2nd period - Slapshot by Jack Johnson.
3:56 of 2nd period - Shot Blocked by Andrew Ebbett.
4:02 of 2nd period - Wrist shot by Andrei Kostitsyn.
4:02 of 2nd period - Shot Misses the Net.
4:04 of 2nd period - Slapshot by Andrei Kostitsyn.
4:04 of 2nd period - Shot Misses the Net.
4:06 of 2nd period - Snap shot by Andrei Kostitsyn.
4:06 of 2nd period - Shot Blocked by Dan Girardi.
4:08 of 2nd period - Snap shot by Alexander Radulov.
4:08 of 2nd period - Stopped by Ondrej Pavelec with a rebound.
5:16 of 2nd period - Off-side.
5:17 of 2nd period - Andrew Ebbett wins face-off versus Bryan Little in neutral zone.
5:29 of 2nd period - Backhand shot by Darcy Hordichuk.
5:29 of 2nd period - Stopped by Dan Ellis without a rebound.
5:30 of 2nd period - Gilbert Brule wins face-off versus Paul Stastny in Avalanche zone.
5:31 of 2nd period - Snap shot by Thomas Vanek.
5:31 of 2nd period - Stopped by Dan Ellis with a rebound.
5:45 of 2nd period - Wrist shot by Andrei Kostitsyn.
5:45 of 2nd period - Shot Blocked by Dan Hamhuis.
5:51 of 2nd period - Minor Penalty to Kurtis Foster for Goalie Interference.
5:52 of 2nd period - Bryan Little wins face-off versus Gilbert Brule in Senateurs zone.
5:53 of 2nd period - Wrist shot by Corey Perry.
5:53 of 2nd period - Shot Misses the Net.
5:55 of 2nd period - Wrist shot by Bryan Little.
5:55 of 2nd period - Shot Misses the Net.
6:19 of 2nd period - Thomas Vanek is hit by Johnny Boychuk and loses puck.
6:36 of 2nd period - Vladimir Mihalik is hit by Marc Staal and loses puck.
6:57 of 2nd period - Minor Penalty to Bryan Little for High sticking.
6:58 of 2nd period - Andrei Kostitsyn wins face-off versus Gilbert Brule in Avalanche zone.
7:51 of 2nd period - Penalty to Kurtis Foster is over, Kurtis Foster is back on ice.
8:42 of 2nd period - Andrew Ladd is hit by Andy McDonald and loses puck.
8:57 of 2nd period - Penalty to Bryan Little is over, Bryan Little is back on ice.
9:13 of 2nd period - Andrei Kostitsyn is hit by Vitaly Vishnevsky and loses puck.
9:42 of 2nd period - Vitaly Vishnevsky is hit by Corey Perry and loses puck.
9:53 of 2nd period - Snap shot by Carlo Colaiacovo.
9:53 of 2nd period - Stopped by Dan Ellis without a rebound.
9:54 of 2nd period - Gilbert Brule wins face-off versus David Krejci in Avalanche zone.
10:10 of 2nd period - Minor Penalty to Vladimir Mihalik for Roughing.
10:11 of 2nd period - Bryan Little wins face-off versus Gilbert Brule in Senateurs zone.
10:13 of 2nd period - Snap shot by Corey Perry.
10:13 of 2nd period - Shot Misses the Net.
10:15 of 2nd period - Wrist shot by Corey Perry.
10:15 of 2nd period - Stopped by Ondrej Pavelec with a rebound.
10:17 of 2nd period - Snap shot by Corey Perry.
10:17 of 2nd period - Stopped by Ondrej Pavelec without a rebound.
10:18 of 2nd period - Gilbert Brule wins face-off versus Bryan Little in Senateurs zone.
10:18 of 2nd period - Gilbert Brule is hit by Corey Perry.
11:16 of 2nd period - Carlo Colaiacovo is hit by Andrei Kostitsyn.
11:54 of 2nd period - Dan Hamhuis is hit by Bryan Little and loses puck.
12:10 of 2nd period - Penalty to Vladimir Mihalik is over, Vladimir Mihalik is back on ice.
12:13 of 2nd period - Slapshot by Kurtis Foster.
12:13 of 2nd period - Stopped by Dan Ellis with a rebound.
12:37 of 2nd period - Brad Richards is hit by Mike Comrie and loses puck.
13:07 of 2nd period - Dan Hamhuis is hit by Shane O'Brien and loses puck.
14:06 of 2nd period - Jack Johnson is hit by Johan Franzen and loses puck.
14:54 of 2nd period - Minor Penalty to Carlo Colaiacovo for Cross-checking.
14:55 of 2nd period - Gilbert Brule wins face-off versus Bryan Little in Senateurs zone.
15:00 of 2nd period - Snap shot by Kurtis Foster.
15:00 of 2nd period - Shot Blocked by Corey Perry.
15:03 of 2nd period - Icing by Bryan Little.
15:04 of 2nd period - Bryan Little wins face-off versus Gilbert Brule in Avalanche zone.
15:04 of 2nd period - Bryan Little is hit by Thomas Vanek.
15:20 of 2nd period - Wrist shot by Andrei Kostitsyn.
15:20 of 2nd period - Stopped by Ondrej Pavelec without a rebound.
15:21 of 2nd period - Gilbert Brule wins face-off versus Bryan Little in Senateurs zone.
15:30 of 2nd period - Vladimir Mihalik is hit by Bryan Little and loses puck.
15:43 of 2nd period - Vitaly Vishnevsky is hit by Andrei Kostitsyn and loses puck.
16:34 of 2nd period - Pernell Karl Subban is hit by Vladimir Mihalik and loses puck.
16:54 of 2nd period - Penalty to Carlo Colaiacovo is over, Carlo Colaiacovo is back on ice.
17:13 of 2nd period - Slapshot by B.J. Crombeen.
17:13 of 2nd period - Shot Misses the Net.
17:29 of 2nd period - Andrew Ebbett is hit by Marc Staal and loses puck.
18:13 of 2nd period - Minor Penalty to Thomas Vanek for High sticking.
18:14 of 2nd period - Bryan Little wins face-off versus Gilbert Brule in Senateurs zone.
18:19 of 2nd period - Slapshot by Corey Perry.
18:19 of 2nd period - Stopped by Ondrej Pavelec with a rebound.
18:21 of 2nd period - Snap shot by Andrei Kostitsyn.
18:21 of 2nd period - Shot Blocked by Dan Hamhuis.
18:25 of 2nd period - Snap shot by Corey Perry.
18:25 of 2nd period - Stopped by Ondrej Pavelec with a rebound.
18:27 of 2nd period - Wrist shot by Andrei Kostitsyn.
18:27 of 2nd period - Stopped by Ondrej Pavelec with a rebound.
18:29 of 2nd period - Slapshot by Corey Perry.
18:29 of 2nd period - Shot Blocked by Andrew Ebbett.
18:31 of 2nd period - Slapshot by Marc Staal.
18:31 of 2nd period - Shot Blocked by Andrew Ebbett.
Goals for this period are 1 for Senateurs vs 1 for Avalanche.
Shots for this period are 7 for Senateurs vs 14 for Avalanche.
3rd period
0:01 of 3rd period - Gilbert Brule wins face-off versus Bryan Little in neutral zone.
0:06 of 3rd period - Snap shot by Gilbert Brule.
0:06 of 3rd period - Stopped by Dan Ellis without a rebound.
0:07 of 3rd period - Bryan Little wins face-off versus Gilbert Brule in Avalanche zone.
0:12 of 3rd period - Kurtis Foster is hit by Corey Perry and loses puck.
0:13 of 3rd period - Penalty to Thomas Vanek is over, Thomas Vanek is back on ice.
0:48 of 3rd period - Slapshot by Bryan Little.
0:48 of 3rd period - Shot Misses the Net.
0:50 of 3rd period - Slapshot by Johnny Boychuk.
0:50 of 3rd period - Stopped by Ondrej Pavelec with a rebound.
1:34 of 3rd period - Snap shot by Gilbert Brule.
1:34 of 3rd period - Stopped by Dan Ellis with a rebound.
1:44 of 3rd period - Slapshot by Jay Bouwmeester.
1:44 of 3rd period - Shot Misses the Net.
1:46 of 3rd period - Slapshot by Jay Bouwmeester.
1:46 of 3rd period - Shot Misses the Net.
1:48 of 3rd period - Snap shot by Bryan Little.
1:48 of 3rd period - Goal by Bryan Little - Senateurs : 2 - Avalanche : 4.
1:49 of 3rd period - Brad Richards wins face-off versus Ryan Smyth in neutral zone.
1:51 of 3rd period - Off-side.
1:52 of 3rd period - Brad Richards wins face-off versus David Krejci in neutral zone.
2:13 of 3rd period - Minor Penalty to David Krejci for Elbowing.
2:14 of 3rd period - Brad Richards wins face-off versus Mike Comrie in Avalanche zone.
2:25 of 3rd period - Snap shot by Brenden Morrow.
2:25 of 3rd period - Shot Misses the Net.
2:27 of 3rd period - Slapshot by Kurtis Foster.
2:27 of 3rd period - Deflect By Brad Richards.
2:27 of 3rd period - Stopped by Dan Ellis without a rebound.
2:28 of 3rd period - Gilbert Brule wins face-off versus Mike Comrie in Avalanche zone.
2:43 of 3rd period - Snap shot by Thomas Vanek.
2:43 of 3rd period - Deflect By Gilbert Brule.
2:43 of 3rd period - Shot Misses the Net.
2:43 of 3rd period - Puck is out of play.
2:44 of 3rd period - Mike Comrie wins face-off versus Gilbert Brule in Avalanche zone.
2:55 of 3rd period - Marc Staal is hit by Dan Hamhuis and loses puck.
3:42 of 3rd period - Pernell Karl Subban is hit by Brenden Morrow and loses puck.
4:13 of 3rd period - Penalty to David Krejci is over, David Krejci is back on ice.
4:34 of 3rd period - Dan Hamhuis is hit by Corey Perry.
4:49 of 3rd period - Andy McDonald is hit by Andrei Kostitsyn and loses puck.
5:52 of 3rd period - Andrei Kostitsyn is hit by Andy McDonald and loses puck.
6:14 of 3rd period - Darcy Hordichuk is hit by Mike Comrie and loses puck.
7:28 of 3rd period - Milan Hejduk is hit by Shane O'Brien and loses puck.
8:07 of 3rd period - Brenden Morrow is hit by Bryan Little and loses puck.
8:42 of 3rd period - Gilbert Brule is hit by Mike Comrie and loses puck.
9:15 of 3rd period - Darcy Hordichuk is hit by Chuck Kobasew and loses puck.
9:57 of 3rd period - Marc Staal is hit by Andy McDonald and loses puck.
10:10 of 3rd period - Brandon Yip is hit by Carlo Colaiacovo and loses puck.
10:35 of 3rd period - Slapshot by Darcy Hordichuk.
10:35 of 3rd period - Stopped by Dan Ellis with a rebound.
10:37 of 3rd period - Snap shot by Vladimir Mihalik.
10:37 of 3rd period - Stopped by Dan Ellis without a rebound.
10:38 of 3rd period - Paul Stastny wins face-off versus Andrew Ebbett in Avalanche zone.
10:49 of 3rd period - Snap shot by Andrew Ebbett.
10:49 of 3rd period - Stopped by Dan Ellis without a rebound.
10:50 of 3rd period - Gilbert Brule wins face-off versus Paul Stastny in Avalanche zone.
11:03 of 3rd period - Snap shot by Andrei Kostitsyn.
11:03 of 3rd period - Shot Blocked by Kurtis Foster.
11:05 of 3rd period - Wrist shot by Alexander Radulov.
11:05 of 3rd period - Shot Misses the Net.
11:37 of 3rd period - Snap shot by Jack Johnson.
11:37 of 3rd period - Shot Blocked by Darcy Hordichuk.
12:15 of 3rd period - Snap shot by Andrei Kostitsyn.
12:15 of 3rd period - Shot Misses the Net.
12:23 of 3rd period - Slapshot by Paul Stastny.
12:23 of 3rd period - Stopped by Ondrej Pavelec with a rebound.
12:25 of 3rd period - Slapshot by Paul Stastny.
12:25 of 3rd period - Stopped by Ondrej Pavelec with a rebound.
12:45 of 3rd period - Brad Richards is hit by Mikkel Boedker and loses puck.
13:20 of 3rd period - Slapshot by Dan Hamhuis.
13:20 of 3rd period - Deflect By Darcy Hordichuk.
13:20 of 3rd period - Shot Blocked by Pernell Karl Subban.
13:20 of 3rd period - Puck is out of play.
13:21 of 3rd period - Paul Stastny wins face-off versus Thomas Vanek in Avalanche zone.
13:36 of 3rd period - Slapshot by Dan Hamhuis.
13:36 of 3rd period - Stopped by Dan Ellis without a rebound.
13:37 of 3rd period - Brad Richards wins face-off versus Bryan Little in Avalanche zone.
13:46 of 3rd period - Brenden Morrow is hit by Corey Perry and loses puck.
14:18 of 3rd period - Snap shot by Johan Franzen.
14:18 of 3rd period - Shot Misses the Net.
14:32 of 3rd period - Paul Stastny is hit by Milan Hejduk and loses puck.
14:37 of 3rd period - Wrist shot by Darcy Hordichuk.
14:37 of 3rd period - Stopped by Dan Ellis with a rebound.
14:47 of 3rd period - Snap shot by Andy McDonald.
14:47 of 3rd period - Deflect By Brandon Dubinsky.
14:47 of 3rd period - Shot Misses the Net.
14:47 of 3rd period - Puck is out of play.
14:48 of 3rd period - David Krejci wins face-off versus George Parros in Avalanche zone.
14:55 of 3rd period - Backhand shot by Johnny Boychuk.
14:55 of 3rd period - Shot Blocked by Andy McDonald.
14:57 of 3rd period - Slapshot by Chuck Kobasew.
14:57 of 3rd period - Stopped by Ondrej Pavelec with a rebound.
14:59 of 3rd period - Slapshot by Johnny Boychuk.
14:59 of 3rd period - Shot Misses the Net.
15:13 of 3rd period - Carlo Colaiacovo is hit by Mike Comrie and loses puck.
15:22 of 3rd period - Wrist shot by Andrew Ladd.
15:22 of 3rd period - Stopped by Ondrej Pavelec with a rebound.
15:36 of 3rd period - Wrist shot by Andrei Kostitsyn.
15:36 of 3rd period - Shot Blocked by Milan Hejduk.
15:42 of 3rd period - Paul Stastny is hit by Andrew Ebbett and loses puck.
15:47 of 3rd period - Slapshot by Milan Hejduk.
15:47 of 3rd period - Stopped by Dan Ellis with a rebound.
15:49 of 3rd period - Slapshot by Andrew Ebbett.
15:49 of 3rd period - Stopped by Dan Ellis with a rebound.
15:51 of 3rd period - Slapshot by Milan Hejduk.
15:51 of 3rd period - Shot Misses the Net.
15:53 of 3rd period - Wrist shot by Dan Girardi.
15:53 of 3rd period - Stopped by Dan Ellis without a rebound.
15:54 of 3rd period - David Krejci wins face-off versus Thomas Vanek in Avalanche zone.
15:54 of 3rd period - David Krejci is hit by Johan Franzen.
16:16 of 3rd period - Minor Penalty to Vladimir Mihalik for Hooking.
16:17 of 3rd period - Gilbert Brule wins face-off versus Bryan Little in Senateurs zone.
18:16 of 3rd period - Penalty to Vladimir Mihalik is over, Vladimir Mihalik is back on ice.
18:17 of 3rd period - Snap shot by Andrew Ladd.
18:17 of 3rd period - Shot Misses the Net.
18:19 of 3rd period - Slapshot by Andrew Ladd.
18:19 of 3rd period - Stopped by Ondrej Pavelec without a rebound.
18:20 of 3rd period - Brad Richards wins face-off versus Brandon Yip in Senateurs zone.
18:26 of 3rd period - Minor Penalty to Vladimir Mihalik for Interference.
18:27 of 3rd period - Bryan Little wins face-off versus Gilbert Brule in Senateurs zone.
18:32 of 3rd period - Slapshot by Corey Perry.
18:32 of 3rd period - Shot Blocked by Kurtis Foster.
18:34 of 3rd period - Wrist shot by Marc Staal.
18:34 of 3rd period - Deflect By Bryan Little.
18:34 of 3rd period - Shot Misses the Net.
18:34 of 3rd period - Puck is out of play.
18:35 of 3rd period - Bryan Little wins face-off versus Gilbert Brule in Senateurs zone.
18:44 of 3rd period - Snap shot by Gilbert Brule.
18:44 of 3rd period - Stopped by Dan Ellis with a rebound.
19:13 of 3rd period - Off-side.
19:14 of 3rd period - Paul Stastny wins face-off versus Gilbert Brule in neutral zone.
Goals for this period are 0 for Senateurs vs 1 for Avalanche.
Shots for this period are 12 for Senateurs vs 7 for Avalanche.
Back to the Top